 Dungeon Crawl Stone Soup version 0.27.1-15-g792fb953b9 (webtiles) character file.

Game seed: 16457646558720742811

23 Descartes the Sneak (level 2, -7/16 HPs)
             Began as a Spriggan Delver on Nov 19, 2021.
             Mangled by a kobold brigand (8 damage)
             ... in a sewer.
             The game lasted 00:01:32 (403 turns).

Descartes the Sneak (Spriggan Delver)                Turns: 403, Time: 00:01:33

Health: -7/16      AC:  2    Str:  8    XL:     2   Next: 72%
Magic:  3/3        EV: 18    Int: 11    God:
Gold:   10         SH:  0    Dex: 16    Spells: 1/1 levels left

rFire    . . .     SeeInvis +   a - +0 short sword
rCold    . . .     Faith    .   (shield restricted)
rNeg     . . .     Spirit   .   b - +0 robe
rPois    .         Reflect  .   (helmet restricted)
rElec    .         Harm     .   (no cloak)
rCorr    .         Rampage  .   (gloves unavailable)
Will     .....                  (boots unavailable)
Stlth    ++++......             (no amulet)
HPRegen  0.05/turn              (no ring)
MPRegen  0.08/turn              (no ring)

@: hasted, very quick
A: very small, no large weapons, unfitting armour, see invisible, speed 3
a: no special abilities


You were in a sewer.
You visited 1 branch of the dungeon, and saw 2 of its levels.
You also visited: Sewer.

You collected 10 gold pieces.

Inventory:

Hand Weapons
 a - a +0 short sword (weapon)
Armour
 b - a +0 robe (worn)
Wands
 g - a wand of digging (3)
Scrolls
 c - 2 scrolls of fog
 e - a scroll of fear


   Skills:
 + Level 2.6 Fighting
 + Level 2.6 Short Blades
 + Level 3.2 Dodging
 + Level 7.5 Stealth


You had one spell level left.
You didn't know any spells.
Your spell library was empty.

Dungeon Overview and Level Annotations

Branches:
Dungeon (5/15)             Temple (0/1) D:5           Sewer (1/1)

Altars:


Innate Abilities, Weirdness & Mutations

You are very small and have problems with some larger weapons.
You are too small for most types of armour.
You have supernaturally acute eyesight. (SInv)
You cover ground extremely quickly. (Speed+++)


Message History

Items here: )) ††.
You enter the shallow water.
Moving in this stuff is going to be slow.
Items here: )) ††.
You enter the shallow water.
Moving in this stuff is going to be slow.
A kobold brigand is nearby!
The kobold brigand shouts!
The kobold brigand throws a curare-tipped dart.
The curare-tipped dart completely misses you.
The kobold brigand throws a curare-tipped dart.
The curare-tipped dart barely misses you.
The kobold shouts!
You hit the kobold brigand.
The kobold brigand is lightly wounded.
The kobold brigand misses you.
You closely miss the kobold brigand.
The kobold brigand is lightly wounded.
The kobold brigand hits you with a +0 short sword.
You barely miss the kobold brigand.
The kobold brigand is lightly wounded.
You hit the kobold brigand but do no damage.
The kobold brigand is lightly wounded.
The kobold brigand hits you with a +0 short sword.
The kobold closely misses you.
You hit the kobold brigand but do no damage.
The kobold brigand is lightly wounded.
The kobold brigand completely misses you.
The kobold hits you but does no damage.
You hit the kobold brigand.
The kobold brigand is lightly wounded.
The kobold brigand hits you with a +0 short sword!
Ouch! That really hurt!
* * * LOW HITPOINT WARNING * * *
The kobold closely misses you.
You are too injured to fight recklessly!
You feel yourself speed up.
The kobold brigand hits you with a +0 short sword!
Ouch! That really hurt!
You die...

#≈# #≈# #≈# #≈# #≈#
##≈#########
#######.≈..≈≈≈...#
#.......≈.≈≈≈≈≈..#
≈≈≈≈≈≈≈≈≈≈≈≈≈≈≈≈@#
≈≈≈≈≈≈≈≈≈≈≈≈≈≈≈≈KK.....#
≈≈≈≈≈≈≈≈≈≈≈≈≈≈≈≈≈#....##
#........≈.≈≈≈≈≈.#.....#
###.###..≈..≈....# .##..
#∩# ############ ## .
###


You could see a kobold brigand and a kobold.

Vanquished Creatures
  2 river rats (Sewer)
  A jackal (Sewer)
  A ball python (D:4)
  2 kobolds (Sewer)
  2 rats (Sewer)
8 creatures vanquished.

Notes
Turn   | Place    | Note
-------+----------+-------------------------------------------
     0 | D:5      | Descartes the Spriggan Delver began the quest for the Orb.
     0 | D:5      | Reached XP level 1. HP: 11/11 MP: 2/2
    39 | D:4      | Found a glowing drain.
    51 | Sewer    | Entered a sewer
    55 | Sewer    | Reached XP level 2. HP: 11/16 MP: 3/3
   188 | Sewer    | Noticed a kobold brigand
   403 | Sewer    | Mangled by a kobold brigand

Illustrated notes

Levels and vault maps discovered:
D:4:      layout_loops_ring, cheibrodos_sewer_entry_drain
D:5:      layout_rooms, grunt_temple_overflow_open,
          minmay_temple_entry_antechambers, kennysheep_doodads,
          kennysheep_path_1, uniq_ijyb
Sewer:    sewer_kobolds

Skill      XL: |  1 |
---------------+----+-----
Dodging        | 3 |  3.2
Fighting       | |  2.6
Short Blades   | |  2.6
Stealth        | |  7.5

Action                   || total
-------------------------++-------
Melee: Short sword       ||    38
  Use: Scroll            ||     1
       Potion            ||     1
 Stab: Sleeping          ||     2
Armor: Robe              ||     3
Dodge: Dodged            ||    24
